Map: New Gettysburg LE

Players

Guide - Winner!

  • Race: Zerg Zerg
  • League: Diamond
  • Spawn Location: 5:00

Amix

  • Race: Zerg Zerg
  • League: Platinum
  • Spawn Location: 7:00

VOD

Have the link to the VOD?

Description

Time

  • Played on: Nov. 16, 2016, 5:29 p.m.
  • Length: 5:57
Show
View Real Time Build Order
Export as new Build Order

Guide Zerg - Winner!

Build Orders: Pool First, Zergling Baneling 

Get SALT Encoding   

  12  0:01  Drone  
  13  0:13  Overlord  
  13  0:18  Drone  
  14  0:32  Drone x2  
  16  0:35  Drone  
  16  0:39  Extractor  
  16  0:48  Spawning Pool  
  15  0:51  Drone  
  16  0:57  Drone  
  17  1:22  Drone, Hatchery  
  17  1:27  Drone  
  18  1:36  Zergling x2  
  19  1:40  Zergling x2  
  20  1:48  Baneling Nest  
  20  1:51  Zergling x2  
  20  1:57  Spine Crawler  
  19  2:02  Overlord  
  19  2:19  Zergling x2  
  19  2:29  Zergling x2  
  16  2:36  Baneling x2  
  16  2:40  Zergling x4  
  17  3:08  Pneumatized Carapace  
  17  3:10  Zergling x10  
  19  3:30  Baneling  
  19  3:40  Spine Crawler  
  18  3:41  Zergling x2  
  18  3:42  Zergling x6  
  18  3:45  Baneling  
  22  3:56  Baneling  
  22  3:57  Baneling  
  21  4:15  Queen  
  23  4:25  Drone x2  
  25  4:32  Baneling  
  25  4:33  Baneling  
  25  4:38  Drone  
  26  4:39  Drone  
  27  4:50  Drone  
  27  4:51  Drone  
  29  4:57  Drone x2  
  31  5:16  Drone  
  31  5:17  Drone x3  
  31  5:19  Overlord  
  30  5:37  Baneling  
  30  5:38  Baneling x8  
  30  5:45  Drone x3  
Show
View Real Time Build Order
Export as new Build Order

Amix Zerg 

Build Orders: Pool First, Zergling Baneling 

Get SALT Encoding   

  12  0:01  Drone  
  13  0:23  Spawning Pool  
  13  0:26  Drone  
  13  0:29  Drone  
  13  0:34  Extractor  
  13  0:37  Drone  
  14  0:45  Overlord  
  14  1:10  Zergling x6  
  17  1:14  Queen  
  19  1:21  Zergling x2  
  20  1:36  Zergling x2  
  21  1:44  Zergling x2  
  21  1:45  Metabolic Boost  
  22  1:57  Baneling Nest, Zergling x2  
  20  2:37  Zergling x4  
  20  2:40  Overlord x3  
  20  2:43  Baneling x3  
  22  2:44  Baneling  
  18  3:09  Zergling x6  
  20  3:25  Baneling x2  
  20  3:26  Baneling x2  
  20  3:28  Zergling x2  
  17  4:13  Zergling x6  
  17  4:14  Zergling x8  
  22  4:38  Hatchery  
  22  4:41  Baneling x6  
  21  4:55  Baneling  
  21  4:56  Baneling x4  
  21  5:04  Zergling x2  
  15  5:40  Zergling x10  
  21  5:54  Extractor  
Tags
 
Add a new tag
Caveats
  • Supply blocks, unpowered buildings, or Contaminate may cause inaccurate times.
  • Supply counts are checked every 10 seconds.